 Dungeon Crawl Stone Soup version 0.27-a0-1595-g0b823d0a13 (webtiles) character file.

Game seed: 1202898263983940828

107 quinnr the Gusty (level 4, 0/25 HPs)
             Began as a Tengu Air Elementalist on July 20, 2021.
             Succumbed to an adder's poison
             ... on level 2 of the Dungeon.
             The game lasted 00:05:21 (2515 turns).

quinnr the Gusty (Tengu Air Elementalist)           Turns: 2515, Time: 00:05:22

Health: 0/25       AC:  2    Str:  9    XL:     4   Next: 86%
Magic:  6/9        EV: 12    Int: 16    God:
Gold:   94         SH:  0    Dex: 14    Spells: 4/9 levels left

rFire    . . .     SeeInvis .   (no weapon)
rCold    . . .     Faith    .   (no shield)
rNeg     . . .     Spirit   .   a - +0 robe
rPois    .         Reflect  .   (helmet restricted)
rElec    .         Harm     .   (no cloak)
rCorr    .         Rampage  .   (no gloves)
Will     .....                  (boots unavailable)
Stlth    ++........             (no amulet)
HPRegen  0.08/turn              (no ring)
MPRegen  0.11/turn              (no ring)

@: mighty, lethally poisoned (0 -> -3), about to teleport, very slightly
contaminated, hasted, very quick
A: beak, talons 3
a: no special abilities


You were on level 2 of the Dungeon.
You visited 1 branch of the dungeon, and saw 3 of its levels.

You collected 94 gold pieces.

Inventory:

Missiles
 j - 30 poisoned darts
Armour
 a - a +0 robe (worn)
Jewellery
 e - an amulet of faith
 f - a +4 ring of evasion


   Skills:
 - Level 1.0 Fighting
 - Level 2.1 Dodging
 - Level 2.0 Stealth
 - Level 3.0 Spellcasting
 - Level 1.3 Conjurations
 + Level 6.1 Air Magic


You had 4 spell levels left.
You knew the following spells:

 Your Spells              Type           Power      Damage    Failure   Level
a - Shock                 Conj/Air       56%        1d6       4%          1
b - Airstrike             Air            11%        N/A       16%         4

Your spell library contained the following spells:

 Spells                   Type           Power      Damage    Failure   Level
 Swiftness                Air            22%        N/A       4%          3
 Static Discharge         Conj/Air       14%        N/A       6%          2


Dungeon Overview and Level Annotations

Branches:
Dungeon (3/15)

Altars:


Innate Abilities, Weirdness & Mutations

You have a beak for a mouth.
You have claws for feet.


Message History

You feel very sick. The adder barely misses you.
You closely miss the adder. Your peck misses the adder.
The adder is severely wounded.
* * * LOW HITPOINT WARNING * * *
You feel sick. The adder barely misses you.
Unknown command.
Casting: Airstrike (extremely dangerous; 16% risk of failure)
Confirm with . or Enter, or press ? or * to list all spells.
The spell is extremely dangerous to cast (16% risk of failure)!
Continue anyway?
Aiming: Airstrike (extremely dangerous; 16% risk of failure)
Press: ? - help, Dir - move target, f/p - adder
Aim: an adder (severely wounded)
The air twists around and strikes the adder!
You kill the adder!
* * * LOW HITPOINT WARNING * * *
You feel sick.
Your Air Magic skill increases to level 6!
Unknown command.
Unknown command.
It was a potion of haste.
You feel yourself speed up.
* * * LOW HITPOINT WARNING * * *
You feel sick.
Unknown command.
It was a potion of might.
You feel very mighty all of a sudden.
* * * LOW HITPOINT WARNING * * *
You feel sick.
Unknown command.
As you read the scroll labelled FITIUV ITHUMA, it crumbles to dust.
You feel momentarily disoriented.
It was a scroll of magic mapping.
* * * LOW HITPOINT WARNING * * *
You feel sick.
Unknown command.
As you read the scroll labelled XYJOQUHUBE, it crumbles to dust.
You feel strangely unstable.
It was a scroll of teleportation.
Unknown command.
As you read the scroll labelled GOKITH BADOJYEC, it crumbles to dust.
The scroll dissolves into smoke.
It was a scroll of fog.
You die...

#####...........#
#####.........#.#
.......#..###.#.#
########..# #.#.#
#..# #.#.# #..#
#.#.# #..###.#§##
########......§§§#
..........#...§§@#
########......§§§###
.# #..#...§§§§.# .#
##..#........# .#
###...#####....# .#
#.......# #...## .#
##.#####.###<..#
.###..# #..##...#
......# #.......#


There were no monsters in sight!

Vanquished Creatures
  4 gnolls (D:2)
  2 adders (D:2)
  2 dart slugs (D:2)
  5 endoplasms
  A giant cockroach (D:2)
  6 goblins (D:1)
  A hobgoblin (D:2)
  6 jackals (D:2)
  A quokka (D:2)
  5 ball pythons (D:1)
  7 bats
  2 frilled lizards (D:2)
  4 kobolds
  A rat (D:2)
47 creatures vanquished.

Notes
Turn   | Place    | Note
-------+----------+-------------------------------------------
     0 | D:1      | quinnr the Tengu Air Elementalist began the quest for the
                  | Orb.
     0 | D:1      | Reached XP level 1. HP: 10/10 MP: 4/4
   209 | D:1      | Reached skill level 1 in Fighting
   209 | D:1      | Reached XP level 2. HP: 16/16 MP: 0/6
   841 | D:2      | Reached XP level 3. HP: 18/20 MP: 1/8
  1363 | D:2      | Reached skill level 5 in Air Magic
  1370 | D:2      | Reached XP level 4. HP: 11/25 MP: 0/9
  1561 | D:2      | Learned a level 4 spell: Airstrike
  2511 | D:2      | Reached skill level 6 in Air Magic
  2512 | D:2      | HP: 2/25 [poisoned by an adder]
  2515 | D:2      | Succumbed to an adder's poison

Illustrated notes

Levels and vault maps discovered:
D:1:      amcnicky_arrival_gap_in_the_tavern_cellar, layout_rooms,
          chequers_serial_rivers_micro_b, minmay_hedge_maze
D:2:      layout_loops_ring, serial_glass, glass_columns_a, glass_columns_b
D:3:      layout_rooms, grunt_dithmenos_smoke,
          mainiacjoe_overflow_small_starburst,
          dreamdust_ecumenical_altar_drowned_temple, st_stairs_4,
          bh_walls_and_bars

Skill      XL: |  1  2  3  4 |
---------------+-------------+-----
Fighting       | 1 |  1.0
Spellcasting   | 3 |  3.0
Air Magic      | 5 6 |  6.1
Dodging        | |  2.1
Stealth        | |  2.0
Conjurations   | |  1.3

Action                   |  1- 3 |  4- 6 || total
-------------------------+-------+-------++-------
Melee: Unarmed           |    13 |     6 ||    19
       Peck              |     3 |       ||     3
       Kick              |     2 |     1 ||     3
 Cast: Shock             |    62 |    39 ||   101
       Airstrike         |       |     1 ||     1
  Use: Scroll            |       |     3 ||     3
       Potion            |       |     3 ||     3
Armor: Robe              |     9 |     3 ||    12
Dodge: Dodged            |    20 |     8 ||    28

Table legend: (Time is in decaauts)
 A = Elapsed time spent in this place.
 B = Non-inter-level travel time spent in this place.
 C = Inter-level travel time spent in this place.
 D = Time resting spent in this place.
 E = Time spent auto-exploring this place.
 F = Levels seen in this place.
 G = Mean time per level.
                   A        B        C        D        E       F      G
               +--------+--------+--------+--------+--------+-----+--------+
         Total |   2514 |   2455 |     59 |    269 |   1929 |   3 |  838.0 |
       Dungeon |   2514 |   2455 |     59 |    269 |   1929 |   3 |  838.0 |
               +--------+--------+--------+--------+--------+-----+--------+

Top non-repeatable levels by time:
     D:2: 1731 daAuts
     D:1: 780 daAuts
     D:3: 2 daAuts
